 Dungeon Crawl Stone Soup version 0.21-a0-630-g344d351 (webtiles) character file.

375 Firecrotchwizard the Poker (level 6, 0/48 HPs)
             Began as a Merfolk Gladiator on Dec 27, 2017.
             Slain by Grinder (6 damage)
             ... on level 4 of the Dungeon.
             The game lasted 00:05:44 (2820 turns).

Firecrotchwizard the Poker (Merfolk Gladiator)      Turns: 2820, Time: 00:05:44

Health: 0/48       AC:  9    Str: 14    XL:     6   Next: 73%
Magic:  6/6        EV: 12    Int:  7    God:
Gold:   147        SH:  0    Dex: 18    Spells: 5/5 levels left

rFire    + + .     SeeInvis .   a - +0 trident
rCold    x . .     Gourm    .   (no shield)
rNeg     . . .     Faith    .   q - +0 fire dragon scales
rPois    .         Spirit   .   c - +0 helmet
rElec    .         Reflect  .   (no cloak)
rCorr    .         Harm     .   (no gloves)
MR       .....                  (no boots)
Stlth    ..........             (no amulet)
HPRegen  0.16/turn              (no ring)
MPRegen  0.10/turn              (no ring)

@: no status effects
A: change form in water, swift swim, stealthy swim
a: no special abilities


You were on level 4 of the Dungeon.
You were not hungry.

You visited 1 branch of the dungeon, and saw 4 of its levels.

You collected 147 gold pieces.

Inventory:

Hand Weapons
 a - a +0 trident (weapon)
Missiles
 d - 3 throwing nets {=f, !d}
 g - 6 javelins (quivered)
Armour
 b - a +0 leather armour
 c - a +0 helmet (worn)
 e - a +0 ring mail
   (You found it on level 1 of the Dungeon)
 q - +0 fire dragon scales (worn)
   (You found it on level 2 of the Dungeon)
Scrolls
 h - 3 scrolls of identify {unknown}
 i - 2 scrolls of remove curse {unknown}
 j - a scroll of amnesia {unknown}
 k - a scroll of enchant armour {unknown}
 l - a scroll of immolation {unknown}
 o - a scroll of teleportation {unknown}
 p - a scroll of magic mapping {unknown}
 r - a scroll of blinking {unknown}
 t - a scroll of noise {unknown}
Potions
 m - 3 potions of lignification {unknown}
 n - 2 potions of heal wounds {unknown}
 s - 2 potions of haste {unknown}
 v - 2 potions of curing {unknown}
Comestibles
 f - 7 rations {@e1}
 u - 3 chunks of flesh {@w0}


   Skills:
 + Level 3.8 Fighting
 * Level 7.5 Polearms
 - Level 2.0 Throwing
 + Level 2.0 Armour
 + Level 5.5 Dodging


You had 5 spell levels left.
You didn't know any spells.

Dungeon Overview and Level Annotations

Branches:
Dungeon (4/15)
 Temple: D:4-7

Altars:
Elyvilon
Sif Muna

Annotations:
D:4 Grinder


Message History

No target in view!
You start resting.
You feel sick. x9
You are no longer poisoned.
You take 5 damage, and have 39/48 hp.
All of the chunks of flesh in your inventory have rotted away.
You butcher the bat corpse.
u - a chunk of flesh {@w0} You butcher the adder corpse.
u - 3 chunks of flesh {@w0} (gained 2)
Found an escape hatch in the floor.
g - 6 javelins (gained 1)
There is a stone staircase leading down here.
g - 7 javelins (gained 1)
You now have 141 gold pieces (gained 9).
Done exploring.
Health restored: 48 Done exploring.
(D) Dungeon
Where to? (Enter - D:3, ? - help)
There is a stone staircase leading down here.
You climb downwards.
There is a stone staircase leading up here.
You now have 147 gold pieces (gained 6).
Found an escape hatch in the ceiling.
A centaur skeleton comes into view.
Aim: a centaur skeleton You throw a javelin.
The javelin hits the centaur skeleton but does no damage.
Attack whom?
Aim: a centaur skeleton You reach to attack!
You puncture the centaur skeleton!
You hit the centaur skeleton but do no damage.
The centaur skeleton hits you but does no damage.
The centaur skeleton misses you.
You hit the centaur skeleton. The centaur skeleton barely misses you.
You hit the centaur skeleton.
The centaur skeleton hits you but does no damage.
You hit the centaur skeleton but do no damage.
The centaur skeleton hits you but does no damage.
You hit the centaur skeleton. The centaur skeleton hits you.
The centaur skeleton hits you but does no damage.
You take 5 damage, and have 43/48 hp.
You hit the centaur skeleton but do no damage.
The centaur skeleton hits you but does no damage.
You puncture the centaur skeleton!
You destroy the centaur skeleton!
Your Armour skill increases to level 2!
No target in view!
A ball python and Grinder come into view.
The ball python hisses angrily.
Found a stone staircase leading down.
Sorry, you're not good enough to have a special ability.
Grinder gestures at you. Pain shoots through your body!
You take 10 damage, and have 34/48 hp.
MASSIVE DAMAGE!!
Grinder gestures at you.
You suddenly lose the ability to move!
The ball python barely misses you. x2
The ball python bites you but does no damage.
The ball python completely misses you.
Grinder blinks!
The ball python bites you but does no damage.
The ball python grabs you. The ball python constricts you.
The ball python completely misses you. The ball python constricts you.
The ball python bites you but does no damage.
The ball python constricts you.
The ball python bites you but does no damage.
The ball python constricts you.
You can move again.
There is an escape hatch in the ceiling here.
You barely miss the ball python. The ball python closely misses you.
The ball python constricts you.
You hit the ball python.
The ball python bites you but does no damage.
The ball python constricts you.
You take 1 damage, and have 33/48 hp.
You barely miss the ball python.
The ball python bites you but does no damage.
The ball python constricts you.
You hit the ball python.
You kill the ball python!
Grinder hits you.
You writhe in agony.
You take 8 damage, and have 25/48 hp.
You closely miss Grinder. Grinder hits you.
You writhe in agony.
You take 7 damage, and have 18/48 hp.
You barely miss Grinder.
Grinder says, "Don't move a muscle."
Grinder barely misses you.
You hit Grinder. Grinder hits you but does no damage.
You hit Grinder but do no damage. You hit Grinder. Grinder hits you.
* * * LOW HITPOINT WARNING * * *
You writhe in agony.
* * * LOW HITPOINT WARNING * * *
You take 10 damage, and have 8/48 hp.
MASSIVE DAMAGE!!
You barely miss Grinder. Grinder hits you.
* * * LOW HITPOINT WARNING * * *
You writhe in agony.
You die...

#.......## ........#
........# .. ....#
#.##...# ..#...#
######## #.#..5#
##......####.#..@###...
................†.......
#......#####.#.####...#
##......# #.#.# .#
..####### #(#.# #.#
#...# #.# ##..# #.# #..#
#.# #.>#


You could see Grinder.

Vanquished Creatures
  A centaur (D:3)
  An orc priest (D:3)
  A centaur skeleton (D:4)
  Natasha (D:3)
  An orc wizard (D:3)
  4 adders
  3 gnolls (D:3)
  2 oozes (D:3)
  3 worms
  3 dart slugs
  A leopard gecko (D:2)
  8 orcs (D:3)
  5 ball pythons
  3 giant cockroaches
  9 goblins
  10 hobgoblins
  12 jackals
  2 quokkas
  10 bats
  A frilled lizard (D:2)
  5 kobolds
  11 rats
97 creatures vanquished.

Vanquished Creatures (others)
  A kobold (D:3)
  A quokka (D:3)
2 creatures vanquished.

Grand Total: 99 creatures vanquished

Notes
Turn   | Place    | Note
-------+----------+-------------------------------------------
     0 | D:1      | Firecrotchwizard the Merfolk Gladiator began the quest for the Orb.
     0 | D:1      | Reached XP level 1. HP: 16/16 MP: 1/1
   158 | D:1      | Reached XP level 2. HP: 22/23 MP: 2/2
   357 | D:1      | Reached skill level 5 in Polearms
   415 | D:1      | Reached XP level 3. HP: 28/28 MP: 3/3
  1083 | D:2      | Reached XP level 4. HP: 31/34 MP: 4/4
  1089 | D:2      | Reached skill level 1 in Armour
  1236 | D:2      | Reached skill level 3 in Fighting
  1423 | D:3      | Reached skill level 6 in Polearms
  1492 | D:3      | Reached XP level 5. HP: 19/41 MP: 5/5
  1718 | D:3      | Noticed a centaur
  1734 | D:3      | Killed a centaur
  1734 | D:3      | Reached skill level 5 in Dodging
  1870 | D:3      | Reached XP level 6. HP: 45/47 MP: 6/6
  1892 | D:3      | Found a white marble altar of Elyvilon.
  1909 | D:3      | Reached skill level 7 in Polearms
  1988 | D:3      | HP: 10/47 [gnoll/spear (6)]
  2491 | D:3      | Noticed Natasha
  2497 | D:3      | Killed Natasha
  2551 | D:3      | Found a deep blue altar of Sif Muna.
  2802 | D:4      | Reached skill level 2 in Armour
  2803 | D:4      | Noticed Grinder
  2806 | D:4      | Paralysed by Grinder for 5 turns
  2819 | D:4      | HP: 8/48 [Grinder (5)]
  2820 | D:4      | Slain by Grinder

Vault maps used:
D:1:      minmay_arrival_three_doors
D:2:      cheibrodos_old_hovel
D:3:      elyvilon_altar_4, nicolae_overflow_hidden_temple, uniq_natasha
D:4:      uniq_crazy_yiuf_cottage, uniq_blork_the_orc, uniq_grinder,
          uniq_menkaure

Skill      XL: |  1  2  3  4  5  6 |
---------------+-------------------+-----
Polearms       | 5 6 7 |  7.5
Armour         | 1 2 |  2.0
Fighting       | 3 |  3.8
Dodging        | 5 |  5.5
Throwing       | |  2.0

Action                   |  1- 3 |  4- 6 || total
-------------------------+-------+-------++-------
Melee: Trident           |   121 |   205 ||   326
Throw: Javelin           |       |    13 ||    13
  Eat: Chunk             |     1 |     3 ||     4
       Ration            |       |     1 ||     1
Armor: Leather armour    |     3 |       ||     3
       Ring mail         |    30 |     1 ||    31
       Fire dragon scale |       |    79 ||    79
Dodge: Dodged            |    75 |   120 ||   195

Table legend:
 A = Spawn XP
 B = Non-spawn XP
 C = Spawn XP percentage of total XP
 D = Spawn monster count
 E = Non-spawn monster count
 F = Spawn count percentage of total count
 G = Total turns spent on level
                    A         B        C        D         E        F      G
               +---------+---------+-------+---------+---------+-------+---------
         Total |       0 |     537 |   0.0 |       0 |      97 |   0.0 |  2820
               +---------+---------+-------+---------+---------+-------+---------
           D:1 |       0 |      43 |   0.0 |       0 |      24 |   0.0 |   786
           D:2 |       0 |      85 |   0.0 |       0 |      32 |   0.0 |   546
           D:3 |       0 |     367 |   0.0 |       0 |      39 |   0.0 |  1441
           D:4 |       0 |      42 |   0.0 |       0 |       2 |   0.0 |    47
               +---------+---------+-------+---------+---------+-------+---------

Vault maps used:
D:1:      minmay_arrival_three_doors
D:2:      cheibrodos_old_hovel
D:3:      elyvilon_altar_4, nicolae_overflow_hidden_temple, uniq_natasha
D:4:      uniq_crazy_yiuf_cottage, uniq_blork_the_orc, uniq_grinder,
          uniq_menkaure

Table legend:
 A = Turns spent in this place as a percentage of turns spent in the entire game.
 B = Non-inter-level travel turns spent in this place as a percentage of non-inter-level travel turns spent in the entire game.
 C = Inter-level travel turns spent in this place as a percentage of turns spent in this place.
 D = Turns resting spent in this place as a percentage of non-inter-level travel turns spent in this place.
 E = Turns spent auto-exploring this place as a percentage of non-inter-level travel turns spent in this place.
 F = Non-inter-level travel turns spent in this place divided by the number of levels of this place that you've seen.
                   A       B       C       D       E      F
               +-------+-------+-------+-------+-------+----------------------
         Total | 100.0 | 100.0 |   2.0 |  30.2 |  48.8 | 691.0
       Dungeon | 100.0 | 100.0 |   2.0 |  30.2 |  48.8 | 691.0
               +-------+-------+-------+-------+-------+----------------------

Table legend:
 A = Kills in this place as a percentage of kills in entire the game.
 B = Kills by you in this place as a percentage of kills by you in the entire game.
 C = Kills by friends in this place as a percentage of kills by friends in the entire game.
 D = Other kills in this place as a percentage of other kills in the entire game.
 E = Experience gained in this place as a percentage of experience gained in the entire game.
 F = Experience gained in this place divided by the number of levels of this place that you have seen.
                   A       B       C       D       E      F
               +-------+-------+-------+-------+-------+----------------------
         Total | 100.0 | 100.0 |   N/A |   N/A | 100.0 | 134.2
       Dungeon | 100.0 | 100.0 |   N/A |   N/A | 100.0 | 134.2
               +-------+-------+-------+-------+-------+----------------------
